 Dungeon Crawl Stone Soup version 0.20.0-14-g326068f (webtiles) character file.

312 kuniqs the Shield-Bearer (level 6, 0/33 HPs)
             Began as a Vine Stalker Fighter on June 8, 2017.
             Slain by a bullfrog (1 damage)
             ... in a sewer.
             The game lasted 00:05:36 (2940 turns).

kuniqs the Shield-Bearer (Vine Stalker Fighter)     Turns: 2940, Time: 00:05:37

Health: 0/33       AC:  8    Str: 20    XL:     6   Next: 42%
Magic:  0/7        EV:  5    Int:  8    God:
Gold:   169        SH:  9    Dex: 14    Spells: 5/5 levels left

rFire    . . .     SeeInvis .   a - +0 rapier
rCold    . . .     Gourm    .   c - +0 shield
rNeg     . . .     Faith    .   b - +0 scale mail
rPois    .         Spirit   +   (no helmet)
rElec    .         Reflect  .   (no cloak)
rCorr    .         Harm     .   q - +0 pair of gloves
MR       .....                  (no boots)
Stlth    ..........             (no amulet)
Regen    0.6/turn               (no ring)
MPRegen  0.1/turn               (no ring)

@: lethally poisoned (0 -> -2), constricted
A: fangs 2, regeneration 1, magic shield, antimagic bite, no potion heal 3, rot
immunity
a: no special abilities


You were in a sewer.
You were not hungry.

You visited 1 branch of the dungeon, and saw 3 of its levels.
You also visited: Sewer.

You collected 169 gold pieces.

Inventory:

Hand Weapons
 a - a +0 rapier (weapon)
Armour
 b - a +0 scale mail (worn)
 c - a +0 shield (worn)
 q - a +0 pair of gloves (worn)
Scrolls
 g - a scroll of blinking {unknown}
 h - a scroll of remove curse {unknown}
 j - 2 scrolls of teleportation {unknown}
 l - a scroll of noise {unknown}
 p - a scroll of random uselessness {unknown}
 s - 6 scrolls of identify {@r1}
 x - a scroll of fog {unknown}
 y - 3 scrolls of magic mapping {unknown}
Potions
 f - a potion of might
 i - a potion of haste {unknown}
 k - a potion of resistance {unknown}
 m - a potion of mutation {unknown}
 n - a potion of agility {unknown}
 r - 2 potions of brilliance {unknown}
 u - a potion of curing {unknown}
 v - a potion of heal wounds {unknown}
 w - 2 potions of magic {unknown}
Comestibles
 d - 2 bread rations
 e - a meat ration
 o - 4 royal jellies
 t - 11 chunks of flesh


   Skills:
 + Level 3.6 Fighting
 + Level 2.8 Short Blades
 + Level 3.5 Armour
 + Level 1.9 Dodging
 + Level 3.7 Shields


You had 5 spell levels left.
You didn't know any spells.

Dungeon Overview and Level Annotations

Branches:
Dungeon (3/15)

Altars:
Ashenzari
Nemelex Xobeh

Annotations:
D:1 1 exclusion


Innate Abilities, Weirdness & Mutations

You have extremely sharp teeth.
Your natural rate of healing is unusually fast.
When hurt, damage is shared between your health and your magic reserves.
Your bite disrupts and absorbs the magic of your enemies.
Potions cannot restore your health.
You are immune to rotting.


Message History

You closely miss the bullfrog. You bite the bullfrog. You drain its power.
The bullfrog is severely wounded.
* * * LOW HITPOINT WARNING * * *
You feel sick.
The bullfrog hits you but does no damage.
You block the adder's attack.
The bullfrog hits you but does no damage.
You block the ball python's attack. The ball python constricts you.
You block the adder's attack. The bullfrog barely misses you.
You block the ball python's attack. The adder bites you but does no damage.
The bullfrog hits you but does no damage.
The ball python bites you but does no damage.
The ball python constricts you.
You completely miss the bullfrog. Your bite misses the bullfrog.
The bullfrog is severely wounded.
* * * LOW HITPOINT WARNING * * *
You feel sick. The bullfrog hits you.
* * * LOW HITPOINT WARNING * * *
You block the adder's attack. The bullfrog hits you.
You die...

#####################
###.#≈≈≈≈≈≈≈≈FS≈≈≈≈≈...
##....≈≈≈≈≈≈≈S@F#≈≈≈≈...
#....≈≈≈≈≈≈≈#SS#l≈≈≈≈...
#....≈≈≈≈≈≈≈≈≈Sl≈≈≈≈#...
##....≈≈≈≈≈≈≈≈≈≈≈≈≈≈≈≈...
#......≈≈≈≈≈≈≈≈≈≈≈≈≈≈≈#..
#....################## #
##...#### #....#..#
#....'..#


You could see 2 bullfrogs, 2 adders, 3 ball pythons and 2 frilled lizards.

Vanquished Creatures
  An orc priest (D:3)
  4 gnolls (D:2)
  7 adders
  7 river rats (Sewer)
  4 oozes
  A worm (D:2)
  5 leopard geckos
  7 orcs (D:3)
  6 ball pythons
  6 bats
  A giant cockroach (D:1)
  7 goblins
  5 hobgoblins
  4 jackals (D:2)
  9 kobolds
  A quokka (D:2)
  3 frilled lizards
  24 rats
  A fungus (D:1)
103 creatures vanquished.

Vanquished Creatures (others)
  A plant (D:2)
1 creature vanquished.

Grand Total: 104 creatures vanquished

Notes
Turn   | Place    | Note
-------+----------+-------------------------------------------
     0 | D:1      | kuniqs the Vine Stalker Fighter began the quest for the Orb.
     0 | D:1      | Reached XP level 1. HP: 11/11 MP: 2/2
   101 | D:1      | Reached XP level 2. HP: 14/16 MP: 3/3
   350 | D:1      | Reached XP level 3. HP: 11/19 MP: 2/4
   879 | D:1      | Reached skill level 1 in Dodging
  1194 | D:2      | Found a sparkling altar of Nemelex Xobeh.
  1720 | D:2      | Gained mutation: Your natural rate of healing is unusually fast. [Vine Stalker growth]
  1720 | D:2      | Reached XP level 4. HP: 21/24 MP: 5/5
  2016 | D:2      | Reached XP level 5. HP: 28/28 MP: 6/6
  2241 | D:3      | Found a shattered altar of Ashenzari.
  2518 | D:3      | Found a glowing drain.
  2527 | Sewer    | Entered a sewer
  2604 | Sewer    | Reached XP level 6. HP: 27/32 MP: 4/7
  2940 | Sewer    | HP: 1/33 [bullfrog (1)]
  2940 | Sewer    | Slain by a bullfrog

Skill      XL: |  1  2  3  4 |
---------------+-------------+-----
Fighting       | 3 |  3.6
Dodging        | 1 |  1.9
Shields        | 3 |  3.7
Short Blades   | 2 |  2.8
Armour         | 3 |  3.5

Action                   |  1- 3 |  4- 6 || total
-------------------------+-------+-------++-------
Melee: Rapier            |   108 |   237 ||   345
       Bite              |    24 |    70 ||    94
  Use: Scroll            |     1 |       ||     1
  Eat: Chunk             |     3 |     4 ||     7
Armor: Scale mail        |    57 |   110 ||   167
Dodge: Dodged            |    23 |    93 ||   116
Block: Shield            |    37 |   158 ||   195
